 Dungeon Crawl Stone Soup version 0.30-a0-652-gcc886f7154 (webtiles) character file.

Game seed: 5497761933499781694

38689 Newt the Markskobold (level 14, -1/79 HPs)
             Began as a Kobold Hunter on Jan 17, 2023.
             Was a High Priest of Hepliaklqana.
             Slain by a catoblepas (25 damage)
             ... on level 5 of the Lair of Beasts.
             The game lasted 00:21:17 (14795 turns).

Newt the Markskobold (Kobold Hunter)               Turns: 14795, Time: 00:21:17

Health: -1/79      AC:  6    Str:  7    XL:     14   Next: 35%
Magic:  26/26      EV: 32    Int: 13    God:    Hepliaklqana [*****.]
Gold:   372        SH:  5    Dex: 26    Spells: 29/29 levels left

rFire   . . .      SeeInvis +    a - +5 shortbow (freeze)
rCold   . . .      Faith    .    (shield currently unavailable)
rNeg    + + .      Spirit   .    n - +2 robe "Diriotox" {rN++ Will+ Dex+4}
rPois   .          Reflect  +    (no helmet)
rElec   .          Harm     .    o - +1 cloak
rCorr   .          Rampage  .    (no gloves)
Will    +++..                    (no boots)
Stlth   +++++                    d - amulet of reflection
HPRegen 0.33/turn                y - +5 ring of evasion
MPRegen 0.20/turn                B - ring of Entrepreneurial Spirit {Will+ Str-2 Int+2 Slay+3 SInv}

@: no status effects
A: reduced essence, small, no large weapons, nightstalker 3
a: Renounce Religion, Recall Ancestor, Ancestor Identity, Transference, Idealise


You were on level 5 of the Lair of Beasts.
You worshipped Hepliaklqana.
Hepliaklqana was extremely pleased with you.
You visited 3 branches of the dungeon, and saw 14 of its levels.

You collected 814 gold pieces.
You spent 442 gold pieces at shops.

Inventory:

Hand Weapons
 a - a +5 shortbow of freezing (weapon)
 I - the +9 staff of Wucad Mu {*channel}
   (You found it on level 8 of the Dungeon)

   *Channel:  It occasionally powers its wielder's spells, but with a chance of
   causing confusion or draining the wielder's intelligence.
   It becomes more likely to activate and less likely to backfire with increased
   Evocations skill.
Missiles
 l - a throwing net
Armour
 c - a +0 leather armour
 e - +0 acid dragon scales
 n - the +2 robe "Diriotox" (worn) {rN++ Will+ Dex+4}
   (You found it on level 2 of the Dungeon)

   Dex:       It affects your dexterity (+4).
   rN:        It greatly protects you from negative energy.
   Will:      It increases your willpower.
 o - a +1 cloak (worn)
 G - a +2 ring mail of cold resistance
 H - a +1 leather armour of fire resistance
Jewellery
 d - an amulet of reflection (around neck)
 y - a +5 ring of evasion (left hand)
 B - the ring of Entrepreneurial Spirit (right hand) {Will+ Str-2 Int+2 Slay+3 SInv}
   (You bought it in a shop on level 3 of the Dungeon)

   [ring of see invisible]

   Str:       It affects your strength (-2).
   Int:       It affects your intelligence (+2).
   Slay:      It affects your accuracy & damage with ranged weapons and melee
   (+3).
   SInv:      It lets you see invisible.
   Will:      It increases your willpower.
 F - a +6 ring of intelligence
Wands
 k - a wand of charming (8)
 z - a wand of mindburst (3)
 A - a wand of roots (33)
 C - a wand of quicksilver (12)
Scrolls
 b - 3 scrolls of immolation
 h - 5 scrolls of noise
 j - 2 scrolls of fear
 q - 3 scrolls of fog
 s - 2 scrolls of magic mapping
 v - 2 scrolls of amnesia
 x - a scroll of silence
 J - a scroll of teleportation
 O - a scroll of blinking
Potions
 f - 3 potions of flight
 g - 4 potions of curing
 i - 2 potions of resistance
 m - 2 potions of lignification
 p - 6 potions of ambrosia
 r - 2 potions of brilliance
 u - a potion of magic
 w - a potion of cancellation
 D - a potion of degeneration
 E - 5 potions of might
 K - a potion of heal wounds
 M - a potion of attraction
 P - a potion of berserk rage


   Skills:
 - Level 10.0 Fighting
 - Level 16.0 Ranged Weapons
 - Level 12.0 Dodging
 - Level 6.0 Stealth
 - Level 8.0 Spellcasting
 + Level 8.8 Translocations
 - Level 7.0 Invocations
 - Level 10.0 Evocations


You had 29 spell levels left.
You didn't know any spells.
Your spell library contained the following spells:

 Spells                   Type           Power      Damage    Failure   Level
 Apportation              Tloc           56%        N/A       1%          1
 Gell's Gravitas          Tloc           28%        N/A       1%          3
 Teleport Other           Tloc           28%        N/A       1%          3
 Kindle Blastsparks       Fire/Tloc/Air  24%        2d12      12%         3
 Necrotise                Necr           20%        1d5       14%         1
 Sting                    Tmut/Pois      20%        1d4       14%         1
 Summon Small Mammal      Summ           20%        N/A       14%         1
 Poisonous Vapours        Pois/Air       10%        N/A       21%         2
 Iskenderun's Mystic Bla  Conj/Tloc      16%        2d5       22%         4
 Call Canine Familiar     Summ           5%         N/A       38%         3
 Frozen Ramparts          Ice            10%        1d2       38%         3
 Stone Arrow              Conj/Erth      10%        3d7       38%         3
 Summon Guardian Golem    Hex/Summ       5%         N/A       38%         3
 Dispersal                Tloc           14%        N/A       50%         6
 Animate Armour           Summ/Erth      10%        N/A       80%         4
 Fulminant Prism          Conj/Hex       2%         3d5       80%         4
 Ice Form                 Ice/Tmut       5%         N/A       80%         4
 Olgreb's Toxic Radiance  Pois           5%         N/A       80%         4
 Summon Ice Beast         Ice/Summ       5%         N/A       80%         4
 Lee's Rapid Deconstruct  Erth           2%         3d5*      98%         5
 Lehudib's Crystal Spear  Conj/Erth      2%         10d2      100%        8


Dungeon Overview and Level Annotations

Branches:
Dungeon (8/15)             Temple (1/1) D:4            Lair (5/5) D:8
  Swamp (0/4) Lair:2        Snake (0/4) Lair:2
  Slime: Lair:4-5

Altars:
Cheibriados
Dithmenos
Fedhas
Gozag
Hepliaklqana
Kikubaaqudgha
Makhleb
Nemelex Xobeh
Okawaru
Ru
Sif Muna
Vehumet
Xom
Yredelemnul
The Shining One

Shops:
D:3 (*=::   D:6 [

Annotations:
Lair:1 2 transporters, BlueFish's ghost, journeyman TeAE
Lair:3 1 runed translucent door


Innate Abilities, Weirdness & Mutations

Your life essence is reduced to manifest your ancestor. (-10% HP)
You are small and have problems with some larger weapons.
You are completely attuned to the shadows.


Message History

The komodo dragon seems to slow down.
The arrow freezes the komodo dragon.
The komodo dragon is moderately wounded.
Fire: a) +5 shortbow (freeze)
Press: ? - help, Q - select action, (/) - cycle Shift-Dir - straight line, f/p - komodo dragon
Aim: a komodo dragon (moderately wounded, slow, ally target, 82% to hit)
You shoot an arrow. Rabi avoids your attack.
The arrow hits the komodo dragon.
The komodo dragon seems to slow down.
The arrow freezes the komodo dragon.
The komodo dragon is heavily wounded.
You hear a bellow!
Rabi barely misses the komodo dragon.
Fire: a) +5 shortbow (freeze)
Press: ? - help, Q - select action, (/) - cycle Shift-Dir - straight line, f/p - komodo dragon
Aim: a komodo dragon (heavily wounded, slow, ally target, 82% to hit)
You shoot an arrow. Rabi avoids your attack.
The arrow hits the komodo dragon!
The komodo dragon seems to slow down.
The arrow freezes the komodo dragon.
The komodo dragon is severely wounded.
Rabi hits the komodo dragon with a +0 flail!
Rabi blocks the komodo dragon's attack.
Fire: a) +5 shortbow (freeze)
Press: ? - help, Q - select action, (/) - cycle Shift-Dir - straight line, f/p - komodo dragon
Aim: a komodo dragon (almost dead, slow, ally target, 82% to hit)
You shoot an arrow. Rabi avoids your attack.
The arrow completely misses the komodo dragon.
You hear a bellow!
Fire: a) +5 shortbow (freeze)
Press: ? - help, Q - select action, (/) - cycle Shift-Dir - straight line, f/p - komodo dragon
Aim: a komodo dragon (almost dead, slow, ally target, 82% to hit)
You shoot an arrow. The arrow hits the catoblepas!
The arrow freezes the catoblepas.
The catoblepas is lightly wounded.
Rabi closely misses the komodo dragon.
The catoblepas breathes a plume of calcifying dust at you.
The blast of calcifying dust hits you.
The komodo dragon bites Rabi but does no damage.
The catoblepas attacks as you move away!
The catoblepas gores you!!
You die...

....~~~~.~
......F.....
...##...........
....#...........
...#............
................
..§§@YRl........
...#.†..........
##
##................
.................
....Y.............
..........F.....
............
.P....#.#...
.#.....###...


You could see the friendly Rabi the knight, a catoblepas, a komodo dragon (slow,
ally target) and a yak.

Vanquished Creatures
  Gastronok (D:8)
  A hydra (D:8)
  A boulder beetle (Lair:3)
  A two-headed ogre (D:6)
  A tengu warrior (D:8)
  Amaemon (D:8)
  A cyclops (D:8)
  A manticore (D:8)
  19 elephants
  2 black mambas
  9 cane toads
  An orange demon (D:8)
  Maggie (Lair:2)
  2 komodo dragons
  Psyche (D:8)
  4 rime drakes
  A hornet (D:8)
  2 polar bears (Lair:4)
  4 dream sheep (Lair:1)
  10 blink frogs
  Sigmund (D:3)
  4 wyverns
  10 yaks
  2 steam dragons
  3 basilisks
  3 swamp worms (Lair:2)
  2 acid dragons
  7 water moccasins
  A black bear (D:5)
  2 ice beasts
  3 orc warriors (D:8)
  3 ogres
  9 wolves
  A centaur (D:6)
  A phantom (D:4)
  2 kobold brigands (D:8)
  8 bullfrogs
  2 necrophages
  A scorpion (D:5)
  A gnoll sergeant (D:6)
  2 wights (D:8)
  12 killer bees (Lair:2)
  A howler monkey (D:8)
  3 hounds
  9 jellies
  A gnoll bouda (D:5)
  2 orc priests (D:7)
  2 iguanas (D:5)
  9 orc wizards
  4 adders
  13 gnolls
  A shadow imp (D:5)
  A white imp (D:5)
  An ufetubus (D:6)
  3 worms
  3 dart slugs
  26 orcs
  7 endoplasms
  6 giant cockroaches
  12 goblins
  11 hobgoblins
  4 jackals (D:4)
  7 kobolds
  4 quokkas
  6 ball pythons
  3 bats (D:3)
  2 frilled lizards
  5 rats
  A spectral orc (D:8)
291 creatures vanquished.

Vanquished Creatures (collateral kills)
  A lindwurm (Lair:3)
  A manticore (Lair:5)
  9 elephants
  A black mamba (Lair:5)
  2 cane toads
  2 komodo dragons (Lair:2)
  A queen bee (Lair:2)
  A polar bear (Lair:5)
  A blink frog (Lair:4)
  3 dream sheep (Lair:1)
  A slime creature (D:8)
  6 yaks
  4 wyverns
  A basilisk (D:8)
  6 water moccasins
  A sky beast (D:8)
  3 ice beasts
  An orc warrior (D:8)
  6 wolves
  An ogre (D:7)
  2 centaurs
  A kobold brigand (D:8)
  A scorpion (D:7)
  12 killer bees (Lair:2)
  An orc priest (D:7)
  An orc wizard (D:7)
  A white imp (D:6)
  4 orcs
75 creatures vanquished.

Vanquished Creatures (others)
  12 knights
  3 ancestors (D:6)
  38 fungi
  63 plants
  2 withered plants (D:7)
118 creatures vanquished.

Grand Total: 484 creatures vanquished

Notes
Turn   | Place    | Note
-------+----------+-------------------------------------------
     0 | D:1      | Newt the Kobold Hunter began the quest for the Orb.
     0 | D:1      | Reached XP level 1. HP: 12/12 MP: 1/1
   110 | D:1      | Reached XP level 2. HP: 17/17 MP: 2/2
   492 | D:2      | Reached XP level 3. HP: 23/23 MP: 3/3
   687 | D:2      | Identified the +2 robe "Diriotox" {rN++ Will+ Dex+4}
   933 | D:2      | Reached XP level 4. HP: 29/29 MP: 4/4
  1181 | D:2      | Found a faded altar of an unknown god.
  1360 | D:3      | Found Muotij's Book Shop.
  1438 | D:3      | Reached skill level 6 in Ranged Weapons
  1440 | D:3      | Reached XP level 5. HP: 22/33 MP: 5/5
  1566 | D:3      | Noticed Sigmund
  1575 | D:3      | Killed Sigmund
  1576 | D:3      | Reached skill level 8 in Ranged Weapons
  1576 | D:3      | Reached XP level 6. HP: 38/38 MP: 6/6
  1587 | D:3      | Found Muggamix's Antique Weapon Shoppe.
  1707 | D:3      | Found Ivucs's Jewellery Shop.
  1937 | D:3      | Found Zeyneeth's Assorted Antiques.
  2126 | D:3      | Found Jukurph's Book Boutique.
  2345 | D:4      | Reached XP level 7. HP: 33/43 MP: 7/7
  2488 | D:4      | Reached skill level 5 in Dodging
  2747 | D:4      | Found a staircase to the Ecumenical Temple.
  2753 | Temple   | Entered the Ecumenical Temple
  2825 | Temple   | Became a worshipper of Hepliaklqana the Forgotten
  3358 | D:5      | Entered Level 5 of the Dungeon
  3370 | D:5      | Reached skill level 5 in Fighting
  3425 | D:5      | Reached XP level 8. HP: 14/51 MP: 8/8
  3762 | D:5      | Found a snail-covered altar of Cheibriados.
  3913 | D:5      | Reached skill level 9 in Ranged Weapons
  4264 | D:6      | Reached skill level 10 in Ranged Weapons
  4264 | D:6      | Reached skill level 1 in Evocations
  4373 | D:6      | Reached * piety under Hepliaklqana
  4395 | D:6      | Noticed a two-headed ogre
  4448 | D:6      | Killed a two-headed ogre
  4449 | D:6      | Reached skill level 5 in Evocations
  4449 | D:6      | Reached XP level 9. HP: 51/51 MP: 8/11
  5361 | D:6      | Found a shimmering altar of Xom.
  5418 | D:6      | Found Ecvouq's Armour Boutique.
  5897 | D:7      | Reached ** piety under Hepliaklqana
  5898 | D:7      | Remembered your ancestor Rabi as a knight
  6130 | D:7      | Reached XP level 10. HP: 57/57 MP: 12/12
  6149 | D:7      | Found a blossoming altar of Fedhas.
  6350 | D:7      | Found an ancient bone altar of Kikubaaqudgha.
  6467 | D:7      | Reached skill level 5 in Stealth
  7088 | D:8      | Reached skill level 10 in Fighting
  7101 | D:8      | Noticed a manticore
  7104 | D:8      | Noticed Amaemon
  7111 | D:8      | Noticed an orange demon
  7261 | D:8      | Reached skill level 10 in Dodging
  7298 | D:8      | Killed an orange demon
  7311 | D:8      | Killed Amaemon
  7312 | D:8      | Reached XP level 11. HP: 60/64 MP: 13/13
  7373 | D:8      | Noticed a tengu warrior
  7382 | D:8      | Killed a tengu warrior
  7490 | D:3      | Bought the ring of Entrepreneurial Spirit {Will+ Str-2
                  | Int+2 Slay+3 SInv} for 442 gold pieces
  7599 | D:8      | Noticed a six-headed hydra
  7604 | D:8      | Killed a six-headed hydra
  7727 | D:8      | Found the +9 staff of Wucad Mu {*channel}
  7781 | D:8      | Noticed a cyclops
  7788 | D:8      | Killed a cyclops
  7853 | D:8      | Noticed Gastronok
  7877 | D:8      | Killed Gastronok
  7878 | D:8      | Reached skill level 1 in Translocations
  8068 | D:8      | Found a staircase to the Lair.
  8101 | D:8      | Noticed Psyche
  8108 | D:8      | Killed Psyche
  8207 | D:8      | Killed a manticore
  8274 | D:8      | Reached *** piety under Hepliaklqana
  8362 | D:8      | Found a basalt altar of Yredelemnul.
  8519 | Lair:1   | Entered Level 1 of the Lair of Beasts
  8758 | Lair:1   | Reached skill level 5 in Translocations
  8758 | Lair:1   | Reached XP level 12. HP: 62/69 MP: 18/18
  9084 | Lair:1   | Reached skill level 5 in Invocations
  9115 | Lair:1   | Found a transporter.
  9115 | Lair:1   | Noticed BlueFish's ghost (journeyman TeAE)
  9345 | Lair:1   | Found a transporter.
  9494 | Lair:1   | Reached skill level 11 in Ranged Weapons
 10349 | Lair:2   | Reached skill level 12 in Ranged Weapons
 10527 | Lair:2   | Reached skill level 13 in Ranged Weapons
 10624 | Lair:2   | Found a staircase to the Swamp.
 10674 | Lair:2   | Reached skill level 14 in Ranged Weapons
 10688 | Lair:2   | Reached XP level 13. HP: 73/73 MP: 19/19
 10809 | Lair:2   | Reached **** piety under Hepliaklqana
 10863 | Lair:2   | Reached skill level 10 in Evocations
 10940 | Lair:2   | Noticed Maggie
 10949 | Lair:2   | Killed Maggie
 11036 | Lair:2   | Found a staircase to the Snake Pit.
 11620 | Lair:3   | Reached skill level 15 in Ranged Weapons
 11645 | Lair:2   | HP: 2/73 [cane toad (18)]
 11897 | Lair:2   | Reached skill level 16 in Ranged Weapons
 12136 | Lair:3   | Reached skill level 5 in Spellcasting
 12419 | Lair:3   | Found a runed translucent door.
 13497 | Lair:4   | Reached XP level 14. HP: 79/79 MP: 26/26
 13725 | Lair:4   | Reached ***** piety under Hepliaklqana
 13751 | Lair:4   | Identified the +3 battleaxe "Newtbane" {freeze, rCorr Int+2
                  | Dex-2}
 14622 | Lair:5   | Entered Level 5 of the Lair of Beasts
 14795 | Lair:5   | Slain by a catoblepas

Illustrated notes

Levels and vault maps discovered:
D:1:      shiori_arrival_oz, layout_rooms
D:2:      layout_basic, shapermc_ecumenical_altar_notcrosses
D:3:      layout_loops_ring, serial_shops, nicolae_shop_overgrown_old_shop,
          nicolae_shop_crystal, nicolae_shop_stone, shop_fountains, shop,
          chequers_serial_rivers_micro_e, uniq_sigmund
D:4:      layout_loops_ring, minmay_temple_entry_offerings, st_stairs_2,
          minivault_1, minivault_11
D:5:      layout_rooms, old_standard_altar, kennysheep_decorative_pillar,
          nicolae_grassy_gnolls
D:6:      layout_layer_cave, serial_shops, nicolae_shop_window_shopping,
          minmay_ruined_shrine
D:7:      layout_gridville, grunt_temple_overflow_growth_and_decay
D:8:      minmay_the_grid_octo_tiled_squarecenter [minmay_the_grid_octo_teeth,
          minmay_the_grid_octo_checkerflower, minmay_the_grid_octo_focus,
          minmay_the_grid_octo_concentric,
          minmay_the_grid_square_5x5_megaprize_checkered,
          minmay_the_grid_square_5x5_inner_i,
          minmay_the_grid_square_5x5_hollow_slash,
          minmay_the_grid_square_5x5_six_small, minmay_the_grid_square_5x5_n],
          layout_basic, yredelemnul_forgotten_temple_becter, uniq_psyche,
          uniq_gastronok, uniq_amaemon
Temple:   compressed_dpeg_triangle_lava_temple
Lair:1:   layout_regular_city, gammafunk_ghost_arena
Lair:2:   layout_roguey [special_room_bee], minmay_swamp_entry_worms,
          dummy_snake_entry, serial_bayou_shore_b, uniq_maggie
Lair:3:   layout_regular_city, ebering_ghost_reflecting_pool
Lair:4:   layout_regular_city, serial_bayou_shore_b
Lair:5:   gammafunk_lair_ancient_temple, layout_regular_city, slime_entry_1

Skill      XL: |  1  2  3  4  5  6  7  8  9 10 11 12 13 14 |
---------------+-------------------------------------------+-----
Stealth        | 2 3 6 |  6.0
Fighting       | 3 4 5 7 8 10 | 10.0
Ranged Weapons | 6 8 10 14 16 | 16.0
Dodging        | 3 4 6 8 11 12 | 12.0
Evocations     | 5 8 10 | 10.0
Invocations    | 3 7 |  7.0
Spellcasting   | 4 8 |  8.0
Translocations | 5 8 |  8.8

Action                   |  1- 3 |  4- 6 |  7- 9 | 10-12 | 13-15 || total
-------------------------+-------+-------+-------+-------+-------++-------
Melee: Shortbow          |       |       |       |       |     1 ||     1
 Fire: Shortbow          |    66 |    88 |   248 |   516 |   440 ||  1358
Invok: Ancestor Life: Kn |       |       |     1 |       |       ||     1
       Recall Ancestor   |       |       |       |       |     1 ||     1
       Idealise          |       |       |       |       |     1 ||     1
Evoke: Wand              |       |       |     6 |     3 |       ||     9
  Use: Scroll            |       |     8 |     8 |    10 |    12 ||    38
       Potion            |       |       |     3 |       |     5 ||     8
Armor: Robe              |     3 |     4 |    21 |    17 |    23 ||    68
       Leather armour    |     2 |       |       |       |       ||     2
Dodge: Dodged            |    11 |    25 |   108 |   269 |   257 ||   670
Block: Other             |       |     6 |    31 |    48 |    47 ||   132
       Reflection        |       |       |     1 |     1 |       ||     2

Table legend: (Time is in decaauts)
 A = Elapsed time spent in this place.
 B = Non-inter-level travel time spent in this place.
 C = Inter-level travel time spent in this place.
 D = Time resting spent in this place.
 E = Time spent auto-exploring this place.
 F = Levels seen in this place.
 G = Mean time per level.
                   A        B        C        D        E       F      G
               +--------+--------+--------+--------+--------+-----+--------+
         Total |  14718 |  14172 |    546 |   1841 |  10265 |  14 | 1051.3 |
       Dungeon |   8621 |   8182 |    439 |    874 |   6147 |   8 | 1077.6 |
        Temple |     85 |     72 |     13 |      0 |     52 |   1 |   85.0 |
          Lair |   6011 |   5917 |     94 |    967 |   4065 |   5 | 1202.2 |
               +--------+--------+--------+--------+--------+-----+--------+

Top non-repeatable levels by time:
     D:8: 1830 daAuts
  Lair:2: 1715 daAuts
  Lair:1: 1651 daAuts
     D:6: 1533 daAuts
     D:4: 1405 daAuts
  Lair:3: 1371 daAuts
  Lair:4: 1114 daAuts
     D:7: 962 daAuts
     D:2: 883 daAuts
     D:3: 835 daAuts
     D:5: 673 daAuts
     D:1: 497 daAuts
  Lair:5: 158 daAuts
  Temple: 85 daAuts
